cohdb
Replays
Latest Replays
All Replays
Popular Replays
Top Player Replays
Match Explorer
How It Works
Community
CoH3 Stats
Reddit
Sign in to upload your games and track your stats! →
Sign in with Steam
Match 41855143
Unlisted
Match 41855143
Overview
Messages
Build Orders
End
Panzergrenadier Squad
Kradschützen Motorcycle Team
Panzergrenadier Squad
Construct Light Support Kompanie
Assault Grenadier Squad
Fire Support Elements
Selects Italian Infantry
Selects Guastatori Squad
Guastatori Squad
Flakvierling Half-track
Veteran Squad Leaders
Construct Panzerarmee Kommand
Selects Defensive Operations
Selects Territory Booby Traps
2.5-tonne Medical Truck
Armored Reserves
Guastatori Squad
Selects Obice 305mm Barrage
Pak 38 Anti-tank Gun Team
AI Takeover
|-J5D-| MAREK POLSKA
Husar
SIEPACZ
Wald
Przemek
Flukhan
0
0
Comments
sign in to comment!
No comments posted yet!